 Dungeon Crawl Stone Soup version 0.31.0-11-ge490571c62 (webtiles) character file.

Game seed: 9948540069525272077

3986 Arcadio the Fighter (level 10, -20/115 HPs)
             Began as an Oni Delver on Jan 26, 2024.
             Was a Believer of Yredelemnul.
             Succumbed to Amaemon's poison
             ... on level 8 of the Dungeon.
             The game lasted 00:15:32 (6339 turns).

Arcadio the Fighter (Oni Delver)                    Turns: 6339, Time: 00:15:33

Health: -20/115    AC:  4    Str: 28    XL:     10   Next: 22%
Magic:  1/19       EV: 10    Int: 11    God:    Yredelemnul [**....]
Gold:   58         SH:  0    Dex: 10    Spells: 9/9 levels left

rFire   . . .        A - +0 flail (drain)
rCold   . . .        (no shield)
rNeg    . . .        l - +0 troll leather armour {Pargi}
rPois   .            (helmet currently unavailable)
rElec   .            (cloak currently unavailable)
rCorr   .            (gloves unavailable)
SInv    .            (boots unavailable)
Will    +....        t - amulet of guardian spirit
Stlth   ++           r - ring of magical power
HPRegen 1.19/turn    M - +6 ring of strength
MPRegen 0.16/turn

%: guardian spirit
@: lethally poisoned (-20 -> -87), beast-form, attractive, slowed, very slow
A: beast (slay +0), large, unfitting armour, horns 1, tough skin 1, double
potion healing, drunken brawling
a: Begin Untransformation, Renounce Religion, Recall Undead Harvest, Dark
Bargain


You were on level 8 of the Dungeon.
You worshipped Yredelemnul.
Yredelemnul was noncommittal.
You were a hulking beast.
You visited 2 branches of the dungeon, and saw 8 of its levels.
You also visited: Sewer.

You collected 490 gold pieces.
You spent 432 gold pieces at shops.

Inventory:

Hand Weapons
 a - a +0 mace
 A - a +0 flail of draining (weapon)
 F - a +2 whip of freezing
Missiles
 u - 2 large rocks (quivered)
Armour
 l - a +0 troll leather armour (worn) {Pargi}
 y - a scarf of harm
 E - a +0 cloak
 L - a +0 kite shield
Jewellery
 k - a ring of wizardry
 r - a ring of magical power (left hand)
 t - an amulet of guardian spirit (around neck)
 D - an amulet of reflection
 G - an amulet of regeneration
 M - a +6 ring of strength (right hand)
Talismans
 v - a beast talisman (active)
Wands
 g - a wand of digging (3)
 w - a wand of charming (16)
 O - a wand of iceblast (21)
Scrolls
 b - 2 scrolls of teleportation
 c - a scroll of fog
 d - a scroll of revelation
 e - a scroll of fear
 h - a scroll of immolation {unknown}
 n - a scroll of vulnerability
 o - a scroll of noise {unknown}
 p - 2 scrolls of blinking {unknown}
 x - a scroll of butterflies {unknown}
 B - a scroll of enchant armour {unknown}
 I - a scroll of amnesia {unknown}
 J - 3 scrolls of identify {unknown}
 N - 2 scrolls of enchant weapon {unknown}
Potions
 f - 3 potions of haste
 i - a potion of attraction
 j - 2 potions of might {unknown}
 m - 2 potions of lignification {unknown}
 q - 2 potions of heal wounds
 s - 2 potions of mutation {unknown}
 z - 2 potions of ambrosia {unknown}
 C - 2 potions of brilliance {unknown}
 H - a potion of resistance {unknown}
 K - 2 potions of curing {unknown}


   Skills:
 + Level 11.7 Fighting
 + Level 8.6 Maces & Flails
 + Level 6.8 Armour
 - Level 3.5 Dodging
 - Level 3.7 Stealth


You had 9 spell levels left.
You didn't know any spells.
Your spell library contained the following spells:

 Spells                   Type           Power      Damage    Failure   Level
 Magic Dart               Conj           0%         1d3       36%         1
 Shock                    Conj/Air       0%         1d3       36%         1
 Slow                     Hex            0%         N/A       36%         1
 Blink                    Tloc           0%         N/A       52%         2
 Call Imp                 Summ           0%         N/A       52%         2
 Mercury Vapours          Alch/Air       0%         N/A       52%         2
 Confusing Touch          Hex            0%         N/A       75%         3
 Mephitic Cloud           Conj/Alch/Air  0%         N/A       75%         3
 Sigil of Binding         Hex            0%         N/A       75%         3
 Swiftness                Air            0%         N/A       75%         3
 Vampiric Draining        Necr           0%         2d6       75%         3
 Airstrike                Air            0%         2d(0-16)  98%         4
 Freezing Cloud           Conj/Ice/Air   0%         6-21      100%        5


Dungeon Overview and Level Annotations

Branches:
Dungeon (8/15)             Temple (1/1) D:5           Sewer (visited)
   Lair: D:8-11

Altars:
Ashenzari
Dithmenos
Elyvilon
Fedhas
Kikubaaqudgha
Makhleb
Nemelex Xobeh
Okawaru
Qazlal
Ru
Sif Muna
Trog
Vehumet
Wu Jian
Xom
Yredelemnul
The Shining One

Shops:
D:4 =[?:(   D:8 :

Annotations:
D:8 Amaemon


Innate Abilities, Weirdness & Mutations

You are a hulking beast.
Your limbs bulge with bestial killing power. (Slay +0)
You are too large for most types of armour.
You have a pair of small horns on your head.
You have tough skin. (AC +1)
You gain doubled healing and magic from potions.
Whenever you drink a healing potion, you attack all around you.


Message History

You are more poisoned.
Amaemon poisons you! The orange demon misses you.
Your kobold zombie closely misses Amaemon.
You thump Amaemon!
Amaemon is almost dead.
You feel extremely sick. The orange demon stings you from afar!
You are lethally poisoned!
You have difficulty breathing.
You feel yourself slow down.
Amaemon hits you with a +1 demon whip of venom!
* * * LOW HITPOINT WARNING * * *
You are more poisoned.
Amaemon claws you!
* * * LOW HITPOINT WARNING * * *
Amaemon tail-slaps you.
* * * LOW HITPOINT WARNING * * *
You are more poisoned.
Amaemon poisons you!
Your kobold zombie hits Amaemon but does no damage.
You take a swig of the potion and twirl your +0 flail of draining.
You closely miss Amaemon.
Amaemon is almost dead.
It was a potion of heal wounds.
You savour every drop.
You feel much better.
* * * LOW HITPOINT WARNING * * *
You feel extremely sick. The orange demon stings you from afar!
* * * LOW HITPOINT WARNING * * *
Amaemon hisses.
Amaemon closely misses you. Amaemon claws you but does no damage.
Amaemon barely misses you.
Amaemon hits you with a +1 demon whip of venom!
* * * LOW HITPOINT WARNING * * *
You are more poisoned.
Amaemon claws you but does no damage.
Amaemon tail-slaps you but does no damage.
The orange demon completely misses you.
Your kobold zombie misses Amaemon.
It was a potion of attraction.
You feel attractive to monsters.
You die...
Your body rises from the dead as a mindless zombie.

.>........# ..........#
#......... ..........#
#......... ..........#
#......... ..........#
#......... ..........#
+......... ..........#
#.4....... ####......#
#6........
...#......#####Zh.......
...#.........ZZZ########
...#..........ZZ#
...#............#
...#............#
...#............#
####............#
...........######
...........#


You could see Amaemon (drained, ally target), an orange demon (curare), a
friendly black bear zombie, 3 friendly kobold zombies, a friendly kobold brigand
zombie and a friendly centaur zombie.

Vanquished Creatures
  Pikel (D:5)
  Psyche (D:8)
  A steam dragon (D:7)
  Eustachio (D:6)
  Menkaure (D:5)
  2 black bears
  Pargi (Sewer)
  An orc warrior (D:7)
  2 ice beasts
  2 sky beasts
  A lemure (D:5)
  A centaur (D:8)
  A phantom (D:6)
  Blork the orc (D:6)
  2 bullfrogs
  A kobold brigand (D:8)
  A brain worm (Sewer)
  A scorpion (D:5)
  A gnoll sergeant (D:7)
  5 wights (D:6)
  A howler monkey (D:6)
  A crimson imp (D:6)
  A bombardier beetle (D:7)
  5 hounds
  2 orc priests
  Crazy Yiuf (D:2)
  3 iguanas
  Jessica (D:2)
  7 orc wizards
  7 gnolls
  8 adders
  A white imp (D:6)
  A dart slug (D:5)
  12 orcs
  9 bats
  3 endoplasms
  7 giant cockroaches (D:4)
  7 hobgoblins
  2 jackals (D:5)
  4 quokkas
  3 ball pythons
  A frilled lizard (D:3)
  5 goblins
  3 hobgoblin zombies (D:6)
  10 kobolds
  A kobold zombie (D:6)
  2 rats
136 creatures vanquished.

Vanquished Creatures (collateral kills)
  Maggie (D:6)
  A centaur (D:6)
  A phantom (D:6)
  A white imp (D:6)
  2 orcs
  A kobold (D:8)
  An orc skeleton (D:6)
8 creatures vanquished.

Vanquished Creatures (others)
  A bullfrog zombie (D:7)
  3 hound zombies (D:6)
  A spectral crimson imp (D:6)
  A steam dragon zombie (D:7)
  2 iguana zombies
  A spectral white imp (D:6)
  2 gnoll zombies (D:7)
  3 orc zombies
14 creatures vanquished.

Grand Total: 158 creatures vanquished

Notes
Turn   | Place    | Note
-------+----------+-------------------------------------------
     0 | D:5      | Arcadio the Oni Delver began the quest for the Orb.
     0 | D:5      | Reached XP level 1. HP: 24/24 MP: 1/1
    33 | D:6      | Noticed a howler monkey
    74 | D:6      | Noticed a sky beast
   138 | D:6      | Killed a howler monkey
   139 | D:6      | Reached XP level 2. HP: 5/33 MP: 2/2
   139 | D:6      | Reached XP level 3. HP: 6/40 MP: 3/3
   164 | D:6      | Noticed Eustachio
   314 | D:6      | Noticed a centaur
   365 | D:4      | Found Gouxisougg's Armour Shoppe.
   378 | D:4      | Found Ziukh's Magic Scroll Emporium.
   508 | D:4      | Reached XP level 4. HP: 46/49 MP: 4/4
   509 | D:4      | Found a glowing drain.
   522 | D:4      | Reached skill level 5 in Fighting
   542 | Sewer    | Entered a sewer
   581 | Sewer    | Noticed a brain worm
   595 | Sewer    | Killed a brain worm
   596 | Sewer    | Reached XP level 5. HP: 12/57 MP: 0/5
   773 | Sewer    | Noticed Pargi
   786 | Sewer    | Killed Pargi
   787 | Sewer    | Reached skill level 6 in Fighting
   787 | Sewer    | Reached XP level 6. HP: 67/67 MP: 6/6
  1001 | D:4      | Found Seosys's Jewellery Boutique.
  1153 | D:4      | Found an ancient bone altar of Kikubaaqudgha.
  1207 | D:4      | Found a burning altar of Makhleb.
  1309 | D:4      | Found Meugiropp's Antique Weapon Emporium.
  1397 | D:4      | Found Painuyx's Book Emporium.
  1491 | D:4      | Found a shimmering blue altar of Sif Muna.
  1583 | D:3      | Found an iron altar of Okawaru.
  1918 | D:3      | Found a blossoming altar of Fedhas.
  1935 | D:3      | Found a sacrificial altar of Ru.
  2091 | D:3      | Found a shadowy altar of Dithmenos.
  2708 | D:2      | Reached skill level 1 in Armour
  2886 | D:2      | Noticed Jessica
  2889 | D:2      | Killed Jessica
  2894 | D:2      | Found a runed translucent door.
  2895 | D:2      | Noticed Crazy Yiuf
  3191 | D:2      | Killed Crazy Yiuf
  3192 | D:2      | Reached XP level 7. HP: 68/71 MP: 7/7
  3309 | D:5      | Found a staircase to the Ecumenical Temple.
  3343 | Temple   | Entered the Ecumenical Temple
  3373 | Temple   | Became a worshipper of Yredelemnul the Dark
  3504 | D:5      | Reached skill level 7 in Fighting
  3529 | D:5      | Noticed Pikel
  3540 | D:5      | Killed Pikel
  3540 | D:5      | Reached * piety under Yredelemnul
  3541 | D:5      | Reached skill level 8 in Fighting
  3541 | D:5      | Reached skill level 5 in Maces & Flails
  3541 | D:5      | Reached XP level 8. HP: 64/88 MP: 8/8
  3832 | D:5      | Noticed Menkaure
  3839 | D:5      | Killed Menkaure
  4023 | D:6      | Reached skill level 9 in Fighting
  4116 | D:6      | Reached XP level 9. HP: 86/100 MP: 9/9
  4204 | D:6      | Noticed Maggie
  4214 | D:6      | Identified the +8 hand axe of Integrity {holy, rCorr}
  4215 | D:6      | Noticed Blork the orc
  4215 | D:6      | Killed Maggie
  4216 | D:6      | Reached skill level 10 in Fighting
  4216 | D:6      | Reached skill level 5 in Armour
  4228 | D:6      | Killed Blork the orc
  4239 | D:6      | Killed Eustachio
  4610 | D:6      | Found a glowing golden altar of the Shining One.
  4882 | D:6      | Found an ornate altar of the Wu Jian Council.
  5122 | D:7      | Found a bloodstained altar of Trog.
  5132 | D:7      | Reached skill level 11 in Fighting
  5135 | D:7      | Reached ** piety under Yredelemnul
  5265 | D:7      | Reached XP level 10. HP: 89/114 MP: 10/10
  5850 | D:4      | Bought a +6 ring of strength for 432 gold pieces
  5971 | D:8      | Noticed Psyche
  5978 | D:8      | Killed Psyche
  6026 | D:8      | Identified the +1 plate armour of Fouckeut {rCorr Str+5
                  | Int+4 SInv}
  6118 | D:8      | Found a stormy altar of Qazlal.
  6225 | D:8      | Found Ezitulef's Book Shoppe.
  6328 | D:8      | Noticed Amaemon
  6330 | D:8      | Noticed an orange demon
  6338 | D:8      | HP: 2/115 [Amaemon/+1 demon whip of venom (6)]
  6339 | D:8      | Succumbed to Amaemon's poison

Illustrated notes

Levels and vault maps discovered:
D:2:      layout_loops_ring, uniq_crazy_yiuf_cottage, uniq_jessica
D:3:      layout_loops_ring, fedhas_altar_fruit_tree, overflow_temple_1_default,
          nicolae_ru_path_of_blood, mainiacjoe_overflow_concentric_impassable
D:4:      layout_basic, lemuel_doored_altar, lightli_temple_of_fire,
          led_sif_pool, gup_sewer_entry_pipe, serial_shops,
          nicolae_shop_window_shopping, nicolae_shop_trees,
          nicolae_shop_scrapyard, nicolae_shop_just_a_little_nook, shop
D:5:      layout_loops_cross, minmay_temple_entry_arrows, uniq_pikel,
          uniq_menkaure
D:6:      layout_basic, nicolae_wu_jian_immortal_techniques,
          nicolae_tso_besieged_by_evil, uniq_blork_the_orc, uniq_eustachio,
          uniq_maggie
D:7:      layout_rooms, trog_three_pillars_becter, nicolae_tricolors
D:8:      layout_gridville, nicolae_qazlal_style_of_elements, serial_shops,
          nicolae_shop_advertising_works [nicolae_subvault_shop_adworks],
          small_chamber_with_monster, uniq_amaemon, uniq_psyche
Temple:   nicolae_temple_superstar

Skill      XL: |  1  2  3  4  5  6  7  8  9 |
---------------+----------------------------+-----
Dodging        | 2 3 |  3.5
Fighting       | 5 6 8 9 11 | 11.7
Maces & Flails | 3 4 5 6 8 |  8.6
Armour         | 1 3 4 6 |  6.8
Stealth        | |  3.7

Action                     |  1- 3 |  4- 6 |  7- 9 | 10-12 || total
---------------------------+-------+-------+-------+-------++-------
  Melee: Mace              |    30 |   201 |       |       ||   231
         Headbutt          |     3 |    25 |    37 |     9 ||    74
         Flail             |       |     4 |   224 |    52 ||   280
         Punch             |       |     3 |     4 |     1 ||     8
 Invoke: Recall Undead Har |       |       |       |     1 ||     1
    Use: Potion            |       |     1 |     1 |     2 ||     4
         Scroll            |       |       |     2 |       ||     2
   Stab: Sleeping          |     2 |     6 |     2 |     1 ||    11
 Armour: Robe              |    24 |    77 |       |       ||   101
         Troll leather arm |       |   104 |   216 |    54 ||   374
  Dodge: Dodged            |    15 |   142 |   126 |    47 ||   330
   Form: Beast             |       |     1 |       |       ||     1
